Map: Ruby Rock LE

Players

Luciferase - Winner!

  • Race: Terran Terran
  • League: Diamond
  • Spawn Location: 11:00

HoldTheDoor

  • Race: Protoss Protoss
  • League: Diamond
  • Spawn Location: 5:00

VOD

Have the link to the VOD?

Description

Time

  • Played on: May 12, 2026, 1:36 p.m.
  • Length: 9:45
Show
View Real Time Build Order
Export as new Build Order

Luciferase Terran - Winner!

Build Orders:  

Get SALT Encoding   

  12  0:00  SCV  
  13  0:12  SCV  
  14  0:17  Supply Depot  
  14  0:24  SCV  
  15  0:39  SCV, Barracks  
  16  0:51  Refinery, SCV  
  17  1:03  SCV  
  18  1:15  SCV  
  19  1:28  Marine  
  19  1:32  Orbital Command  
  20  1:50  Command Center  
  20  1:51  Barracks Reactor  
  20  1:57  Supply Depot  
  20  2:00  SCV  
  21  2:18  SCV  
  22  2:25  Factory  
  22  2:28  Marine x2  
  24  2:30  SCV  
  25  2:46  Marine x2  
  27  3:00  SCV, Command Center  
  27  3:02  Orbital Command  
  28  3:10  Bunker  
  28  3:12  Marine x2  
  30  3:18  Hellion  
  32  3:25  Starport  
  32  3:28  Refinery  
  32  3:31  SCV  
  32  3:32  SCV  
  34  3:39  Marine x2  
  36  3:41  Hellion  
  36  3:45  SCV  
  36  3:47  SCV  
  40  3:56  Supply Depot  
  40  3:57  SCV  
  40  3:59  Marine x2  
  43  4:03  Hellion  
  45  4:12  Medivac  
  45  4:13  Orbital Command  
  47  4:18  SCV  
  47  4:20  SCV  
  47  4:23  Refinery  
  49  4:24  Factory Tech Lab  
  49  4:30  SCV  
  50  4:34  Supply Depot  
  50  4:35  SCV  
  51  4:40  Engineering Bay  
  51  4:42  SCV  
  51  4:43  Engineering Bay  
  52  4:47  Refinery  
  52  4:51  Starport Reactor  
  52  5:02  SCV  
  52  5:03  SCV x2  
  55  5:09  Supply Depot  
  55  5:13  Terran Infantry Weapons Level 1  
  55  5:15  SCV, Terran Infantry Armor Level 1  
  55  5:16  Supply Depot  
  55  5:17  SCV x2  
  58  5:24  Barracks  
  58  5:27  SCV  
  59  5:28  Marine  
  59  5:29  Marine, SCV x2  
  63  5:39  SCV  
  63  5:41  Barracks, SCV  
  65  5:50  SCV  
  65  5:51  Marine x2  
  65  5:52  Siege Tank  
  61  6:08  SCV x3  
  61  6:10  Medivac x2  
  62  6:11  Marine x2  
  62  6:12  Barracks Tech Lab  
  62  6:15  Barracks  
  64  6:20  SCV x2  
  64  6:23  Supply Depot  
  64  6:24  Siege Tank, SCV  
  70  6:29  Marine x2, Barracks Tech Lab  
  70  6:31  Stimpack  
  70  6:32  SCV x2  
  74  6:37  Armory  
  74  6:43  SCV  
  75  6:55  Marine x2  
  75  6:57  Medivac  
  75  6:58  Medivac  
  75  6:59  Combat Shield, Marauder  
  75  7:00  Marauder  
  75  7:01  SCV x3  
  87  7:03  Sensor Tower  
  87  7:11  Orbital Command  
  87  7:13  Marine  
  88  7:21  Marauder  
  88  7:22  SCV  
  91  7:23  SCV, Marine x2  
  91  7:25  Barracks Reactor  
  94  7:31  Marine  
  94  7:34  Refinery  
  95  7:39  SCV x2  
  95  7:41  Marine  
  95  7:42  Marauder, SCV  
  101  7:52  Supply Depot  
  101  7:53  Marine x2, SCV  
  101  7:55  Supply Depot  
  101  7:56  Supply Depot  
  101  7:58  Supply Depot  
  104  8:00  Marine  
  104  8:01  Siege Tank, Refinery  
  104  8:05  SCV  
  109  8:13  Marine, Medivac  
  109  8:14  SCV, Marauder x2  
  109  8:17  Marine x2  
  119  8:21  Marine  
  119  8:23  SCV  
  119  8:24  Drilling Claws  
  119  8:26  SCV x2  
  123  8:29  Factory  
  123  8:31  Marine  
  124  8:34  Barracks  
  124  8:35  Marine, Marauder, SCV  
  124  8:37  Barracks  
  128  8:43  Command Center, SCV x2  
  128  8:45  Marine  
  128  8:47  SCV  
  132  8:50  Orbital Command  
  131  9:01  Marine, Marauder  
Show
View Real Time Build Order
Export as new Build Order

HoldTheDoor Protoss 

Build Orders: 1 Gate Expand 

Get SALT Encoding   

  12  0:00  Probe  
  13  0:12  Probe  
  14  0:18  Pylon  
  14  0:24  Probe  
  15  0:32  Probe  
  15  0:39  Gateway  
  15  0:40  Probe  
  16  0:48  Assimilator  
  17  0:50  Probe  
  18  1:03  Probe  
  19  1:04  Pylon  
  19  1:15  Probe  
  20  1:27  Probe  
  21  1:35  Nexus  
  21  1:39  Cybernetics Core  
  21  1:45  Assimilator  
  21  1:46  Probe  
  22  1:56  Pylon  
  22  1:58  Probe  
  23  2:05  Adept  
  23  2:14  Probe  
  26  2:17  Warp Gate  
  26  2:26  Probe  
  27  2:31  Robotics Facility  
  27  2:36  Shield Battery  
  27  2:38  Probe  
  27  2:40  Adept  
  30  2:48  Pylon  
  30  2:50  Probe  
  31  2:51  Probe  
  31  2:57  Pylon  
  32  3:03  Probe  
  34  3:05  Probe  
  34  3:10  Sentry  
  34  3:11  Assimilator  
  36  3:17  Probe  
  37  3:24  Immortal  
  41  3:27  Probe  
  41  3:31  Probe  
  43  3:43  Probe  
  43  3:46  Assimilator  
  43  3:47  Probe  
  43  3:48  Pylon  
  45  3:52  Pylon  
  46  3:55  Probe  
  46  3:59  Probe  
  47  4:03  Observer  
  47  4:05  Gateway  
  47  4:07  Probe  
  49  4:11  Probe  
  49  4:12  Stalker  
  52  4:17  Gateway  
  52  4:19  Probe  
  53  4:25  Gateway  
  53  4:29  Gateway  
  53  4:35  Shield Battery  
  53  4:41  Immortal  
  57  4:47  Robotics Bay  
  57  4:50  Shield Battery  
  57  4:51  Probe  
  58  4:53  Probe  
  58  4:57  Stalker  
  61  5:04  Stalker  
  63  5:14  Stalker  
  65  5:38  Stalker  
  65  5:39  Stalker x4  
  65  5:42  Probe  
  76  5:47  Gateway  
  75  5:50  Pylon  
  69  6:12  Stalker x5  
  79  6:18  Probe  
  79  6:24  Nexus  
  80  6:26  Pylon  
  80  6:29  Forge  
  80  6:31  Pylon  
  80  6:36  Probe x2  
  82  6:43  Colossus  
  82  6:50  Probe  
  82  6:51  Probe  
  90  6:57  Extended Thermal Lance  
  90  6:59  Stalker  
  92  7:02  Protoss Ground Weapons Level 1  
  92  7:11  Pylon  
  92  7:20  Zealot x5  
  102  7:28  Twilight Council  
  102  7:33  Pylon  
  102  7:35  Probe x2  
  104  7:37  Colossus  
  104  7:38  Probe  
  105  7:47  Probe  
  112  7:59  Probe  
  112  8:04  Pylon  
  113  8:18  Zealot  
  113  8:19  Zealot x5  
  125  8:28  Probe x3  
  128  8:35  Photon Cannon  
  128  8:37  Photon Cannon  
  128  8:39  Pylon  
  128  8:40  Probe  
  69  9:35  Zealot x2  
  69  9:36  Zealot x4  
Tags
 
Add a new tag
Caveats
  • Supply blocks, unpowered buildings, or Contaminate may cause inaccurate times.
  • Supply counts are checked every 10 seconds.